[Event "Early-Titled-Tuesday-Blitz-March-12-2024"]
[Site "Chess.com"]
[Date "2024.03.12"]
[Round "6"]
[White "LogoCzar"]
[Black "Kielinkei"]
[Result "0-1"]
[WhiteElo "2399"]
[BlackElo "2577"]
[TimeControl "180+1"]
[EndTime "9:04:41 PDT"]
[Termination "Kielinkei won by resignation"]

1. d3 d5 2. Nd2 g6 3. h4 h5 4. a4 Bg7 5. a5 e5 6. g3 Nf6 7. Bh3 c5 8. f3 Nc6 9. c3 O-O 10. Qc2 Re8 11. Bxc8 Qxc8 12. e4 dxe4 13. dxe4 Qd7 14. Nc4 Rad8 15. Be3 Qe7 16. Nh3 Nd7 17. Nf2 b5 18. axb6 Nxb6 19. Qb3 Qe6 20. Nd2 c4 21. Qc2 Rd7 22. f4 Red8 23. f5 Qe7 24. g4 Kh7 25. g5 Qe8 26. Nf3 Bf8 27. Nh2 Rd3 28. Qe2 Qd7 29. Nf1 gxf5 30. Qxh5+ Kg8 31. g6 fxg6 32.
Qxg6+ Bg7 33. Rg1 f4 34. Ng4 Rd1+ 35. Rxd1 Qxd1+ 36. Kf2 fxe3+ 37. Nfxe3 Rd2+ 38. Kg3 Qxg1+ 39. Kf3 Rf2+ 40. Nxf2 Qxg6 41. Nf5 Qh5+ 42. Ng4 Kf7 43. Kg3 Bf6 44. Nd6+ Ke6 45. Nb7 Qxh4+ 46. Kf3 Qh3+ 0-1

[Event "Early-Titled-Tuesday-Blitz-March-12-2024"]
[Site "Chess.com"]
[Date "2024.03.12"]
[Round "6"]
[White "electrosaw"]
[Black "Egor_Koshulyan"]
[Result "0-1"]
[WhiteElo "2556"]
[BlackElo "2762"]
[TimeControl "180+1"]
[EndTime "9:04:42 PDT"]
[Termination "Egor_Koshulyan won by resignation"]

1. g3 h5 2. Bg2 h4 3. c4 c5 4. b3 Nc6 5. Bb2 d6 6. Nc3 Nf6 7. a3 Bf5 8. d3 Qd7 9. Nd5 h3 10. Bf3 Nxd5 11. cxd5 Nd4 12. e4 Nxf3+ 13. Qxf3 Bg4 14. Qf4 e5 15. Qd2 g6 16. f3 Bh6 17.
Qc2 Bh5 18. g4 Bxg4 19. fxg4 Qxg4 20. Qf2 Qg2 21. Nxh3 Qxh3 22. Rf1 Bf4 23. Bc1 Rh4 24. Ra2 O-O-O 25. Bxf4 Rxf4 26. Qe2 Qh4+ 27. Kd1 Rh8 28. Rxf4 Qxf4 29. b4 Rh3 30. bxc5 Re3 31. Qd2 Qf1+ 0-1

[Event "Early-Titled-Tuesday-Blitz-March-12-2024"]
[Site "Chess.com"]
[Date "2024.03.12"]
[Round "6"]
[White "EpicPlayz282"]
[Black "masnyszachistaaa"]
[Result "1-0"]
[WhiteElo "2366"]
[BlackElo "2549"]
[TimeControl "180+1"]
[EndTime "9:04:44 PDT"]
[Termination "EpicPlayz282 won on time"]

1. e4 d6 2. d4 Nf6 3. Nc3 e5 4. dxe5 dxe5 5. Qxd8+ Kxd8 6. Bc4 Ke7 7. Nf3 Nbd7 8. Ng5 Nb6 9. Bb3 Be6 10. Nxe6 fxe6 11. f4 exf4 12. Bxf4 c6 13. O-O-O Re8 14. Rhf1 Nc8 15.
e5 Nd5 16. Bg5+ Kd7 17. Nxd5 exd5 18. Rxd5+ cxd5 19. Ba4+ Ke6 20. Bxe8 Be7 21. Bf7+ Kxe5 22. Bf4+ Ke4 23. g3 Bf6 24. Re1+ Kf3 25. Bxd5+ Kf2 26. Rd1 b6 27. Rd2+ Ke1 28. Be3 Ne7 29. Bc4 Bxb2+ 30.
Kxb2 Nf5 31. Re2+ Kd1 32. Bf4 1-0

[Event "Early-Titled-Tuesday-Blitz-March-12-2024"]
[Site "Chess.com"]
[Date "2024.03.12"]
[Round "6"]
[White "HansOnTwitch"]
[Black "Nitzan_Steinberg"]
[Result "1-0"]
[WhiteElo "3102"]
[BlackElo "2903"]
[TimeControl "180+1"]
[EndTime "9:04:45 PDT"]
[Termination "HansOnTwitch won by resignation"]

1. e4 c5 2. Nf3 d6 3. Bb5+ Bd7 4. c4 Nf6 5. Nc3 g6 6. O-O Bg7 7. d4 cxd4 8. Nxd4 O-O 9. Bxd7 Qxd7 10. f3 Nc6 11.
Be3 Rac8 12. b3 a6 13. Nde2 Ne5 14. a4 e6 15. Qd2 d5 16. cxd5 exd5 17. exd5 Rfe8 18.
Rfd1 h5 19. Rac1 h4 20. h3 Nxf3+ 21. gxf3 Qxh3 22. Bf2 Nh5 23. Qg5 Bxc3 24. Nxc3 Qxf3 25. Qg2 Rxc3 26. Qxf3 Rxf3 27. d6 Nf4 28. d7 Nh3+ 29. Kg2 Rxf2+ 30. Kxh3 Re3+ 31. Kxh4 Rf4+ 32. Kg5 Ree4 33. d8=Q+ Kg7 34. Qd7 Rh4 35. Rh1 Reg4+ 36. Qxg4 f6+ 37. Kxh4 1-0

[Event "Early-Titled-Tuesday-Blitz-March-12-2024"]
[Site "Chess.com"]
[Date "2024.03.12"]
[Round "6"]
[White "eagleclaw07"]
[Black "andrew-blr"]
[Result "1-0"]
[WhiteElo "2784"]
[BlackElo "2611"]
[TimeControl "180+1"]
[EndTime "9:04:46 PDT"]
[Termination "eagleclaw07 won by resignation"]

1. e4 c5 2. Nf3 e6 3. d4 cxd4 4. Nxd4 Bc5 5. Nb3 Bb6 6. Be2 Ne7 7. O-O O-O 8. Nc3 Nbc6 9. Kh1 f5 10. exf5 Nxf5 11. Ne4 d5 12. Bg5 Qe8 13. Ng3 Qg6 14. Qd2 h6 15. Bf4 e5 16. Nxf5 Bxf5 17. Bg3 d4 18. Bb5 Rfe8 19. c3 Rad8 20. cxd4 exd4 21.
Rfe1 Kh8 22. h3 d3 23. Rxe8+ Rxe8 24. Re1 Rxe1+ 25. Qxe1 a6 26. Bc4 Be4 27. Nd2 Bf5 28. Nf3 Qh5 29. Nh4 Nd4 30. Qe7 Be6 31. Bxe6 Nxe6 32.
Qxe6 d2 33. Qc8+ Kh7 34. Qc2+ Kh8 35. Qxd2 Qc5 36. Ng6+ 1-0

[Event "Early-Titled-Tuesday-Blitz-March-12-2024"]
[Site "Chess.com"]
[Date "2024.03.12"]
[Round "6"]
[White "luckyswitchback"]
[Black "ChessSwole"]
[Result "1-0"]
[WhiteElo "2690"]
[BlackElo "2716"]
[TimeControl "180+1"]
[EndTime "9:04:46 PDT"]
[Termination "luckyswitchback won by checkmate"]

1. e4 c5 2. Nf3 e6 3. c3 d5 4.
e5 d4 5. d3 Ne7 6. g3 Bd7 7. Bg2 Bc6 8. O-O Nf5 9. Qe2 Be7 10. h4 h6 11. h5 Nd7 12. c4 Qc7 13. Nbd2 O-O-O 14. a3 g5 15. b4 g4 16. Nh2 Bxg2 17.
Kxg2 Nxe5 18. Ne4 Rhg8 19. Bf4 f6 20. bxc5 Qc6 21. Bxe5 fxe5 22. Nxg4 Qc7 23. c6 bxc6 24. c5 Rd5 25. Rab1 Bxc5 26. Ngf6 Rgd8 27. Nxd5 Rxd5 28.
Qg4 Bxa3 29. Qg8+ Qd8 30. Qxe6+ Qd7 31. Qg8+ Qd8 32. Qg4 Qd7 33. Nf6 Qe6 34. Nxd5 Qxd5+ 35. Kh2 Qd7 36. Rfe1 Bd6 37. Qg8+ Kc7 38. Qb8# 1-0

[Event "Early-Titled-Tuesday-Blitz-March-12-2024"]
[Site "Chess.com"]
[Date "2024.03.12"]
[Round "6"]
[White "DrRiebert"]
[Black "ilqar_74"]
[Result "1-0"]
[WhiteElo "2434"]
[BlackElo "2839"]
[TimeControl "180+1"]
[EndTime "9:04:49 PDT"]
[Termination "DrRiebert won by resignation"]

1. e4 c5 2. Nf3 d6 3. d4 cxd4 4. Nxd4 Nf6 5. Nc3 e5 6. Nde2 Be7 7. h3 Be6 8. Be3 O-O 9. Qd2 Na6 10. O-O-O Rc8 11. g4 b5 12. Bg2 b4 13. Nd5 Nxd5 14.
exd5 Bd7 15. Kb1 Qa5 16. Nc1 Nc5 17. a3 Rb8 18. axb4 Rxb4 19. Bxc5 dxc5 20. Na2 Bd6 21. Nxb4 cxb4 22. Be4 Qb6 23. Bf5 Bb5 24. h4 a5 25.
h5 a4 26. g5 g6 27. hxg6 fxg6 28. Be6+ Kg7 29. f4 h5 30. gxh6+ Kh7 31. f5 gxf5 32.
Qg5 Qc7 33. Rdg1 b3 34. Qg7+ 1-0

[Event "Early-Titled-Tuesday-Blitz-March-12-2024"]
[Site "Chess.com"]
[Date "2024.03.12"]
[Round "6"]
[White "Statham_01"]
[Black "JoliyRoger"]
[Result "1-0"]
[WhiteElo "2585"]
[BlackElo "2422"]
[TimeControl "180+1"]
[EndTime "9:04:50 PDT"]
[Termination "Statham_01 won on time"]

1. Nc3 d5 2. d4 c6 3. e4 dxe4 4. Nxe4 Bf5 5. Ng3 Bg6 6. h4 h6 7. Bd3 Bxd3 8. Qxd3 Nd7 9. f4 e6 10. Nf3 Ngf6 11. Bd2 Bd6 12. O-O-O Qc7 13. Ne5 c5 14.
h5 O-O 15. Bc3 Nd5 16. Ne4 Nxc3 17. Qxc3 Bxe5 18. dxe5 Rfd8 19. g4 Qc6 20. Qe3 Nb6 21. g5 Nc4 22. Qe2 hxg5 23. Qxc4 Rxd1+ 24. Rxd1 gxf4 25.
Rg1 b5 26. Nf6+ Kf8 27. Qxc5+ Qxc5 28. Nd7+ Ke7 29. Nxc5 Rh8 30. Rg5 f3 31. Kd2 Rh7 32. Ke3 f6 33. Rg3 fxe5 34. Ne4 Kd7 35. Rg5 Kc6 36.
Kxf3 1-0

[Event "Early-Titled-Tuesday-Blitz-March-12-2024"]
[Site "Chess.com"]
[Date "2024.03.12"]
[Round "6"]
[White "jumpingknight20"]
[Black "falzehope0"]
[Result "1-0"]
[WhiteElo "2687"]
[BlackElo "2443"]
[TimeControl "180+1"]
[EndTime "9:04:55 PDT"]
[Termination "jumpingknight20 won by resignation"]

1. Nf3 d5 2. b3 e6 3. Bb2 f5 4. g3 Nf6 5. Bg2 Bd6 6. O-O f4 7.
c4 fxg3 8. hxg3 O-O 9. d3 Ng4 10. e4 Qe8 11. e5 Qh5 12. Nh4 Be7 13. Bh3 Nxf2 14. Qxh5 Nxh3+ 15. Kg2 Rxf1 16. Kxf1 Bd7 17. Nf3 dxc4 18. bxc4 Bc6 19. Nbd2 Na6 20. Qxh3 Rf8 21. Ke2 Nb4 22. a3 Na6 23. Rh1 Kf7 24. Rf1 Ke8 25. Nd4 Bd7 26. Rxf8+ Bxf8 27. Qxh7 Nc5 28. Qg6+ Kd8 29.
Ne4 Be8 30. Qg5+ Be7 31. Qxg7 Bh5+ 32. g4 Nxe4 33. gxh5 Ng5 34. h6 c6 35. h7 Nxh7 36.
Qxh7 Kd7 37. Qg6 Kd8 38. Qxe6 a6 39. Nf5 Bg5 40. Qd6+ Kc8 41. e6 a5 42. e7 1-0

[Event "Early-Titled-Tuesday-Blitz-March-12-2024"]
[Site "Chess.com"]
[Date "2024.03.12"]
[Round "6"]
[White "MikeWizard"]
[Black "David_ATM"]
[Result "1/2-1/2"]
[WhiteElo "2084"]
[BlackElo "2372"]
[TimeControl "180+1"]
[EndTime "9:04:55 PDT"]
[Termination "Game drawn by repetition"]

1. d3 d5 2. Nf3 Nf6 3. g3 g6 4. Bg2 Bg7 5. O-O O-O 6. Nbd2 c6 7. e4 dxe4 8. Nxe4 Nxe4 9. dxe4 Qxd1 10. Rxd1 Bg4 11. c3 h6 12. h3 Be6 13. Nd4 Bc4 14.
b3 Ba6 15. Bb2 Rd8 16. c4 c5 17. Ne6 Rxd1+ 18. Rxd1 fxe6 19. Rd8+ Kf7 20. e5 h5 21. Bf3 Bh6 22. Kf1 Bd2 23. Ke2 Ba5 24. Rh8 Bc7 25. h4 Kg7 26. Re8 Kf7 27. Rh8 Ba5 28. Ke3 Bc7 29. Kf4 Kg7 30. Re8 Kf7 31. Rh8 Kg7 32. Re8 Kf7 33. Rh8 1/2-1/2

[Event "Early-Titled-Tuesday-Blitz-March-12-2024"]
[Site "Chess.com"]
[Date "2024.03.12"]
[Round "6"]
[White "Misterfox120"]
[Black "lilylg"]
[Result "1-0"]
[WhiteElo "2407"]
[BlackElo "2164"]
[TimeControl "180+1"]
[EndTime "9:05:02 PDT"]
[Termination "Misterfox120 won on time"]

1. d4 d5 2. Bf4 e6 3. e3 f5 4. Nf3 Nf6 5. c4 Bd6 6. Nc3 c6 7. Be2 O-O 8. O-O b6 9. a3 Bb7 10. b4 Nh5 11. Bxd6 Qxd6 12. c5 Qe7 13. Ne5 Nf6 14. f4 Nbd7 15. b5 Nxe5 16. fxe5 Ne4 17. Nxe4 fxe4 18. cxb6 Rxf1+ 19. Bxf1 axb6 20. bxc6 Bxc6 21. Qb3 b5 22. Bxb5 Qb7 23. Rb1 Bxb5 24. a4 Ra5 25.
axb5 Qb6 26. Qb4 Ra7 27. Qc5 Rb7 28. Qc8+ 1-0

[Event "Early-Titled-Tuesday-Blitz-March-12-2024"]
[Site "Chess.com"]
[Date "2024.03.12"]
[Round "6"]
[White "BeardedNM"]
[Black "RamonManon0g"]
[Result "1/2-1/2"]
[WhiteElo "2240"]
[BlackElo "2401"]
[TimeControl "180+1"]
[EndTime "9:05:02 PDT"]
[Termination "Game drawn by repetition"]

1. e4 c5 2. Nf3 d6 3. d4 cxd4 4. Nxd4 Nf6 5. Nc3 a6 6. Be3 e5 7. Nb3 Be7 8. f3 h5 9. Qd2 O-O 10. Be2 Be6 11. O-O Nbd7 12. Nd5 Nxd5 13. exd5 Bf5 14. c4 Rc8 15. Na5 Rb8 16. b4 h4 17.
Rac1 h3 18. g3 Nf6 19. Rfd1 e4 20. c5 exf3 21. Bxf3 Ne4 22. Qe1 dxc5 23. bxc5 Bf6 24. c6 bxc6 25. Nxc6 Qd7 26. Nxb8 Rxb8 27. Bxe4 Bxe4 28.
Bf4 Re8 29. Rc7 Qa4 30. d6 Bd4+ 31. Rxd4 Qxd4+ 32. Qf2 Qd1+ 33. Qf1 Qd4+ 34. Qf2 Qd1+ 35. Qf1 Qd4+ 36. Qf2 1/2-1/2

[Event "Early-Titled-Tuesday-Blitz-March-12-2024"]
[Site "Chess.com"]
[Date "2024.03.12"]
[Round "6"]
[White "Peng_Li-Min"]
[Black "CarlosjPineror"]
[Result "1-0"]
[WhiteElo "2810"]
[BlackElo "2620"]
[TimeControl "180+1"]
[EndTime "9:05:08 PDT"]
[Termination "Peng_Li-Min won by resignation"]

1. e4 c5 2. Nc3 e6 3. g3 a6 4. Bg2 Nc6 5. Nge2 b5 6. O-O Bb7 7. Re1 Nf6 8. e5 Ng8 9. d4 cxd4 10. Nxd4 Qc7 11. Nxc6 dxc6 12. Ne4 Rd8 13. Qf3 Qxe5 14. Bg5 Rd5 15. Nf6+ gxf6 16. Rxe5 fxe5 17. c4 bxc4 18.
Qc3 f6 19. Bxd5 exd5 20. Bxf6 Nxf6 21. Qxe5+ Be7 22. Re1 O-O 23. Qxe7 Bc8 24. Re5 h6 25. Qc7 Bg4 26. Re7 Bf5 27. Rg7+ Kh8 28. Rf7 Kg8 29. Rxf8+ Kxf8 30. Qxc6 Kf7 31. Qxa6 Kg6 32. Qa7 Kg5 33. Qd4 Be4 34. h3 Kf5 35. a4 h5 36. a5 h4 37. a6 hxg3 38. fxg3 1-0

[Event "Early-Titled-Tuesday-Blitz-March-12-2024"]
[Site "Chess.com"]
[Date "2024.03.12"]
[Round "6"]
[White "Smoking_Crow"]
[Black "AccioChess"]
[Result "1-0"]
[WhiteElo "2578"]
[BlackElo "2417"]
[TimeControl "180+1"]
[EndTime "9:05:09 PDT"]
[Termination "Smoking_Crow won on time"]

1. c4 c5 2. b3 Nc6 3. Bb2 f5 4.
Nf3 Nf6 5. e3 e6 6. Be2 Be7 7.
O-O O-O 8. d4 cxd4 9. Nxd4 Nxd4 10. Bxd4 d6 11. Bb2 e5 12. Nc3 Be6 13. Bf3 Qd7 14.
Qd2 Rac8 15. Rfd1 Rfd8 16. e4 f4 17. Qe2 Qe8 18. Ba3 a6 19. Rd3 g5 20. h3 h5 21.
g4 hxg4 22. Bxg4 Nxg4 23. hxg4 b5 24. cxb5 axb5 25. f3 Qc6 26. Bb4 Rd7 27. Kg2 Bf8 28. Rad1 Rcd8 29. Nd5 Bxd5 30. exd5 Qb7 31. Qe4 Rh7 32.
Qg6+ Qg7 33. Qxg7+ Kxg7 34. Rc3 Kf6 35. Rh1 Rdd7 36.
Rxh7 Rxh7 37. Rc8 Be7 38. Rc6 e4 39. fxe4 Ke5 40. Rc7 f3+ 41. Kxf3 Rf7+ 42. Ke2 Kd4 43. a4 bxa4 44. bxa4 Kxe4 45. a5 Kxd5 46. a6 Ke6 47. a7 Rf8 48. Rb7 Ra8 49. Bd2 1-0

[Event "Early-Titled-Tuesday-Blitz-March-12-2024"]
[Site "Chess.com"]
[Date "2024.03.12"]
[Round "6"]
[White "Practical-Play"]
[Black "rhwr"]
[Result "0-1"]
[WhiteElo "2412"]
[BlackElo "2302"]
[TimeControl "180+1"]
[EndTime "9:05:09 PDT"]
[Termination "rhwr won by resignation"]

1. e4 c5 2. b4 e5 3. bxc5 Bxc5 4.
Nf3 Nc6 5. Bc4 d6 6. h3 Nf6 7.
Nc3 O-O 8. O-O a6 9. a4 Qe7 10. d3 h6 11. Be3 Nd4 12. Nd2 Rb8 13. a5 Be6 14. Bxe6 fxe6 15. Nc4 Qc7 16. Kh1 d5 17. Nd2 Rbc8 18. Na4 Be7 19. c3 Nb5 20. c4 d4 21.
cxb5 dxe3 22. fxe3 axb5 23. Nb6 Rcd8 24. Qb3 Qd6 25.
Qxb5 Qxd3 26. Nbc4 Nxe4 27. Rxf8+ Rxf8 28. Nxe4 Qxe4 29. Nxe5 Bd6 30. Nc4 Rf2 31. Rg1 Bg3 32. Qe8+ Kh7 33. Qc8 Rc2 34. Nd6 Bxd6 0-1

[Event "Early-Titled-Tuesday-Blitz-March-12-2024"]
[Site "Chess.com"]
[Date "2024.03.12"]
[Round "6"]
[White "ChessLover0108"]
[Black "GMSrinath"]
[Result "1-0"]
[WhiteElo "2949"]
[BlackElo "2793"]
[TimeControl "180+1"]
[EndTime "9:05:10 PDT"]
[Termination "ChessLover0108 won by checkmate"]

1. Nf3 d5 2. d4 Nf6 3. c4 e6 4. e3 b6 5. b3 Bb7 6. Bb2 Bd6 7. Nbd2 O-O 8. Bd3 Nbd7 9. O-O c5 10. Qe2 Ne4 11. Rfd1 Qe7 12. Rac1 Rac8 13. cxd5 exd5 14. Ba6 Bxa6 15. Qxa6 Rfe8 16. dxc5 Nxf2 17. cxd6 Qxe3 18.
Bd4 Nh3+ 19. Kf1 Rxc1 20. Rxc1 Qh6 21. Rc8 Rf8 22. Rxf8+ Nxf8 23. gxh3 Qxh3+ 24. Ke1 Qe6+ 25. Kd1 Qxd6 26. Qxa7 b5 27. Bc5 Qd8 28. Ne5 Qe8 29. Qe7 Qxe7 30. Bxe7 Ne6 31. a4 bxa4 32. bxa4 f6 33. Nc6 Kf7 34. a5 Nc7 35. Bd6 Nb5 36. a6 Ke6 37. Nd4+ Kxd6 38. Nxb5+ Kc6 39. a7 Kb7 40. Nb3 g5 41. Na5+ Ka8 42. Kd2 h5 43. Kd3 h4 44. Kd4 g4 45. Kc5 g3 46. Kb6 g2 47. Nc7# 1-0

[Event "Early-Titled-Tuesday-Blitz-March-12-2024"]
[Site "Chess.com"]
[Date "2024.03.12"]
[Round "6"]
[White "Bkmzzzzz"]
[Black "ValeriyGrinev"]
[Result "0-1"]
[WhiteElo "2406"]
[BlackElo "2576"]
[TimeControl "180+1"]
[EndTime "9:05:10 PDT"]
[Termination "ValeriyGrinev won by resignation"]

1. e4 c5 2. Nf3 e6 3. d3 d5 4.
Nbd2 Nf6 5. g3 Nc6 6. Bg2 Be7 7. O-O O-O 8. e5 Nd7 9. Re1 Qc7 10. Qe2 b5 11.
Nf1 Bb7 12. h4 Rfc8 13. h5 h6 14. N1h2 Qd8 15. Ng4 Nf8 16. Nxh6+ gxh6 17. Bxh6 Nh7 18. Bh3 Kh8 19. Be3 Qg8 20. Kh2 Qg7 21. Rg1 Nxe5 22. Nxe5 Qxe5 23. c3 Bf6 24. f4 Qc7 25. g4 d4 26. Bd2 dxc3 27. bxc3 b4 28. Rac1 bxc3 29. Be3 Rab8 30. Rg3 Bd5 31. Rc2 Rb2 32. Bg2 Rxc2 33. Qxc2 Rb8 34. Bc1 Bd4 35. g5 Bxg2 36. Rxg2 Rg8 37.
Qe2 Rxg5 38. Rxg5 Nxg5 39. Qg4 Nh7 40. h6 Qe7 41. Be3 Qf6 42. Bc1 Qxh6+ 0-1

[Event "Early-Titled-Tuesday-Blitz-March-12-2024"]
[Site "Chess.com"]
[Date "2024.03.12"]
[Round "6"]
[White "Defend1r"]
[Black "Winner_7777"]
[Result "1-0"]
[WhiteElo "2741"]
[BlackElo "2576"]
[TimeControl "180+1"]
[EndTime "9:05:15 PDT"]
[Termination "Defend1r won on time"]

1. e4 c5 2. Nf3 d6 3. c3 Nf6 4. h3 Nbd7 5. Bd3 g6 6. Bc2 Bg7 7. d4 O-O 8. O-O e6 9. Bf4 d5 10. exd5 Nxd5 11. Bd6 Re8 12. dxc5 b6 13. cxb6 Qxb6 14.
Ba3 Ba6 15. Bd3 Rad8 16. Bxa6 Qxa6 17. Qc2 e5 18. Rd1 Nf4 19. Nbd2 Nd3 20. Ne4 Nb6 21. Nd6 Rxd6 22. Bxd6 e4 23. Nd4 Nc4 24. Bg3 Ncxb2 25. Rdb1 Na4 26. Rb8 Rxb8 27. Bxb8 Qc4 28. Bxa7 Nxc3 29.
Nb3 Nb4 30. Qd2 Ne2+ 31. Kh1 Bxa1 32. Qd8+ Kg7 33. Bc5 Kh6 34. Qh4+ Kg7 35. Qe7 Kh6 36. Bxb4 Nc3 37. Qh4+ 1-0

[Event "Early-Titled-Tuesday-Blitz-March-12-2024"]
[Site "Chess.com"]
[Date "2024.03.12"]
[Round "6"]
[White "SaiAgni_98"]
[Black "Witty_Alien"]
[Result "1-0"]
[WhiteElo "2562"]
[BlackElo "2331"]
[TimeControl "180+1"]
[EndTime "9:05:16 PDT"]
[Termination "SaiAgni_98 won by checkmate"]

1. e4 c5 2. Nf3 d6 3. d4 cxd4 4.
Qxd4 Nf6 5. Nc3 Nc6 6. Qe3 g6 7.
h3 Bg7 8. Be2 O-O 9. O-O Bd7 10.
Rd1 Rc8 11. a3 a6 12. Qf4 Qa5 13. Qh4 Ne5 14. Bh6 Nxf3+ 15. Bxf3 Rxc3 16. bxc3 Qxc3 17. Bxg7 Kxg7 18. e5 Qxe5 19. Bxb7 a5 20. Qd4 Qg5 21. Qe3 Qxe3 22. fxe3 Be6 23. Rab1 d5 24. Rb5 a4 25. Rb4 Rb8 26. Bc6 Rxb4 27. axb4 Ne4 28. Bxa4 Nc3 29. Ra1 Bf5 30. Bb3 e5 31. Kf2 d4 32. exd4 exd4 33.
Ra7 Kh6 34. Rxf7 Kg5 35. g4 Be4 36. Kg3 Ne2+ 37. Kf2 Nf4 38. Kg3 Ne2+ 39. Kh2 Nf4 40. b5 Ng2 41. Kg3 Ne3 42. h4+ Kh6 43. g5+ Kh5 44. Rxh7# 1-0

[Event "Early-Titled-Tuesday-Blitz-March-12-2024"]
[Site "Chess.com"]
[Date "2024.03.12"]
[Round "6"]
[White "MatthewG-p4p"]
[Black "AnishOnYoutube"]
[Result "1-0"]
[WhiteElo "2890"]
[BlackElo "3041"]
[TimeControl "180+1"]
[EndTime "9:05:17 PDT"]
[Termination "MatthewG-p4p won by resignation"]

1. e4 e5 2. Nf3 Nc6 3. d4 exd4 4.
c3 d5 5. exd5 Qxd5 6. cxd4 Bg4 7. Be2 Bb4+ 8. Nc3 Nge7 9. O-O Bxc3 10. bxc3 O-O 11. h3 Bh5 12. Qb3 Na5 13. Qa3 Nec6 14. Rb1 b6 15. Rb5 Qe4 16. Be3 Bg6 17. Ne5 Nxe5 18. Rxe5 Qc2 19. Bf4 Rfe8 20. Rc1 Qxe2 21. Rxe2 Rxe2 22. Bxc7 Rc8 23. Bg3 Rd8 24. c4 Rxd4 25.
c5 Re8 26. c6 Bf5 27. c7 Bc8 28. Qf3 Nb7 29. Rd1 Rxd1+ 30. Qxd1 f6 31. Qa4 Kf8 32. Qxa7 b5 33. Qb6 Re1+ 34. Kh2 Re2 35. Qxb5 Rxa2 36. Qb4+ 1-0

[Event "Early-Titled-Tuesday-Blitz-March-12-2024"]
[Site "Chess.com"]
[Date "2024.03.12"]
[Round "6"]
[White "AlmasRakhmatullaev"]
[Black "PLAYER_2006_M"]
[Result "1-0"]
[WhiteElo "2840"]
[BlackElo "2981"]
[TimeControl "180+1"]
[EndTime "9:05:17 PDT"]
[Termination "AlmasRakhmatullaev won by resignation"]

1. e4 e5 2. Nf3 Nf6 3. Nxe5 d6 4.
Nf3 Nxe4 5. c4 Nc6 6. Nc3 Nxc3 7. dxc3 Bf5 8. Be3 Be7 9. Bd3 Qd7 10. Qc2 Bxd3 11.
Qxd3 O-O 12. O-O-O Rfe8 13. h3 b6 14. g4 Bf8 15. Ng5 g6 16. f4 Bg7 17. Rde1 Rad8 18.
Qd5 h6 19. Nxf7 Ne7 20. Nxh6+ Kh7 21. Qd3 Bxh6 22. f5 Bxe3+ 23. Rxe3 gxf5 24. Rhe1 Ng6 25. gxf5 Ne5 26. Qe4 Qf7 27. Qh4+ Kg8 28. Rg1+ Kf8 29. Qh6+ Ke7 30. Rg7 Kd7 31. Rxe5 Rxe5 32. Rxf7+ Kc6 33. Qg7 Rc8 34. Rf8 Rxf8 35. Qxf8 Kd7 36. f6 Ke6 37. f7 Rf5 38. Qe8+ 1-0

[Event "Early-Titled-Tuesday-Blitz-March-12-2024"]
[Site "Chess.com"]
[Date "2024.03.12"]
[Round "6"]
[White "DamianoLew95"]
[Black "NMJeevanK"]
[Result "1-0"]
[WhiteElo "2751"]
[BlackElo "2587"]
[TimeControl "180+1"]
[EndTime "9:05:17 PDT"]
[Termination "DamianoLew95 won by resignation"]

1. e4 d6 2. Nf3 g6 3. c3 Nf6 4. Be2 Nxe4 5. Qa4+ Nc6 6. Qxe4 Bg7 7.
Qa4 O-O 8. d3 e5 9. h4 h6 10.
Na3 Bd7 11. Qc2 f5 12. Be3 d5 13. h5 g5 14. O-O-O Qe7 15. g3 d4 16. Bd2 Be6 17. Kb1 Qf7 18. c4 e4 19. Nxg5 hxg5 20. Bxg5 exd3 21. Bxd3 Nb4 22. Qd2 Nxd3 23. Qxd3 f4 24. Ka1 Bf5 25. Qb3 fxg3 26. Qxg3 Kh8 27. h6 Bf6 28. Bxf6+ Qxf6 29. Qxc7 Rf7 30. Qf4 d3 31. Nb5 Rd8 32. Rhe1 a6 33. Nc3 b5 34. Nd5 Qg6 35. Rg1 Qd6 36. Qd4+ Kh7 37. Rg7+ Kxh6 38. Rh1+ 1-0

[Event "Early-Titled-Tuesday-Blitz-March-12-2024"]
[Site "Chess.com"]
[Date "2024.03.12"]
[Round "6"]
[White "SharapovEvgeny"]
[Black "Meri-Arabidze"]
[Result "0-1"]
[WhiteElo "2524"]
[BlackElo "2712"]
[TimeControl "180+1"]
[EndTime "9:05:19 PDT"]
[Termination "Meri-Arabidze won by resignation"]

1. e4 e5 2. Nf3 Nc6 3. Bb5 a6 4.
Ba4 Nf6 5. d3 d6 6. O-O g6 7. c3 Bg7 8. Re1 O-O 9. Nbd2 Nd7 10.
Nf1 Nc5 11. Bc2 Ne6 12. Ng3 Qf6 13. h4 Nf4 14. d4 Bg4 15. d5 Nb8 16. Bxf4 exf4 17.
Nf1 Bxf3 18. Qxf3 Qxh4 19. g3 fxg3 20. fxg3 Qe7 21. Kg2 Nd7 22. Ne3 Ne5 23. Qf4 h5 24. Rh1 Qf6 25. Raf1 Nd7 26. Nf5 gxf5 27. Rxh5 Ne5 28.
exf5 Rae8 29. g4 Ng6 30. Qf2 Qe7 31. g5 Qe2 32. f6 Qxh5 33. fxg7 Qxg5+ 34. Kh2 Kxg7 35. Qd4+ Re5 0-1

[Event "Early-Titled-Tuesday-Blitz-March-12-2024"]
[Site "Chess.com"]
[Date "2024.03.12"]
[Round "6"]
[White "MaxLeto"]
[Black "Susal_De_Silva"]
[Result "0-1"]
[WhiteElo "2494"]
[BlackElo "2711"]
[TimeControl "180+1"]
[EndTime "9:05:21 PDT"]
[Termination "Susal_De_Silva won on time"]

1. e4 e5 2. Nf3 Nc6 3. Bb5 a6 4. Ba4 Nf6 5. O-O Be7 6. Re1 b5 7. Bb3 O-O 8. h3 Bb7 9. d3 d5 10. exd5 Nxd5 11. Nxe5 Nxe5 12. Rxe5 Qd6 13. Qe1 Bf6 14.
Re4 c5 15. a4 Nb6 16. Bf4 Qd7 17. Re2 c4 18. dxc4 bxc4 19. a5 cxb3 20. axb6 Qd5 21.
f3 Qd4+ 22. Be3 Qxb2 23. Ra4 bxc2 24. Na3 Qb3 25. Qb4 Qxe3+ 26. Rxe3 c1=Q+ 27. Re1 Qg5 28. Qg4 Qxg4 29. hxg4 Rfd8 30. Nc4 Rd4 31. Rc1 Rc8 0-1

[Event "Early-Titled-Tuesday-Blitz-March-12-2024"]
[Site "Chess.com"]
[Date "2024.03.12"]
[Round "6"]
[White "awesomevishesh"]
[Black "GilbertoHernandezAmura"]
[Result "1-0"]
[WhiteElo "2635"]
[BlackElo "2457"]
[TimeControl "180+1"]
[EndTime "9:05:21 PDT"]
[Termination "awesomevishesh won by resignation"]

1. a3 c5 2. e4 g6 3. Nf3 Bg7 4. Bc4 e6 5. d4 cxd4 6. Nxd4 a6 7.
O-O Ne7 8. Nc3 O-O 9. Bg5 Nbc6 10. Nxc6 bxc6 11. Qd6 f6 12. Be3 Re8 13. Rad1 Qa5 14. Bc5 Bf8 15. b4 Qxa3 16. Qd3 d5 17. Bb3 dxe4 18. Nxe4 Kg7 19. Ra1 Qxa1 20. Rxa1 Nd5 21. Bxf8+ Rxf8 22. c3 Nf4 23. Qe3 e5 24. Bc4 Rd8 25.
Bf1 Bf5 26. Nc5 h5 27. h4 Bg4 28. Kh2 Nd5 29. Qe1 Nf4 30. g3 Nd5 31. Nxa6 Ra7 32.
Nc5 Rxa1 33. Qxa1 Bf3 34. Bg2 e4 35. Ne6+ 1-0

[Event "Early-Titled-Tuesday-Blitz-March-12-2024"]
[Site "Chess.com"]
[Date "2024.03.12"]
[Round "6"]
[White "LeRoidesChampions"]
[Black "blitzking1729"]
[Result "1-0"]
[WhiteElo "2639"]
[BlackElo "2796"]
[TimeControl "180+1"]
[EndTime "9:05:22 PDT"]
[Termination "LeRoidesChampions won by resignation"]

1. e4 d6 2. d4 Nf6 3. Nc3 e5 4.
Nf3 Nbd7 5. g4 Nxg4 6. Rg1 exd4 7. Nxd4 Nde5 8. Bf4 g6 9. h3 Nf6 10. Qd2 c5 11. Bb5+ Bd7 12. Bxe5 dxe5 13. Bxd7+ Qxd7 14. Ndb5 Qxd2+ 15. Kxd2 O-O-O+ 16. Ke2 a6 17. Na3 b5 18.
Nd5 Nxe4 19. c4 b4 20. Nc2 f5 21. Rad1 Bh6 22. f3 Nd6 23. b3 Nf7 24. a3 a5 25.
axb4 axb4 26. Ra1 Kb7 27. Ra5 Ra8 28. Rb5+ Kc6 29. Rb6+ Kd7 30. Rb7+ Kd6 31. Rxf7 Ra2 32.
Kd1 Rha8 33. Rxh7 Ra1+ 34. Nxa1 Rxa1+ 35. Ke2 Rxg1 36. Rxh6 Ke6 37. h4 Kf7 38. Rh7+ Kf8 39. Nf6 Rb1 40. Rb7 Rxb3 41. Nd7+ Kg7 42. Nxc5+ 1-0

[Event "Early-Titled-Tuesday-Blitz-March-12-2024"]
[Site "Chess.com"]
[Date "2024.03.12"]
[Round "6"]
[White "geminithegreat"]
[Black "Valio_M1948"]
[Result "0-1"]
[WhiteElo "2224"]
[BlackElo "2408"]
[TimeControl "180+1"]
[EndTime "9:05:22 PDT"]
[Termination "Valio_M1948 won on time"]

1. d4 b6 2. c4 Bb7 3. Nc3 f5 4.
Nf3 Nf6 5. g3 g6 6. Bg2 Bg7 7.
O-O O-O 8. d5 e6 9. Rb1 Qe7 10.
b4 e5 11. e4 a5 12. a3 axb4 13. axb4 d6 14. Ng5 Bc8 15. Ne6 Bxe6 16. dxe6 c6 17.
b5 f4 18. gxf4 Nh5 19. f5 Nf4 20. bxc6 Qg5 21. Bxf4 exf4 22. Nd5 Nxc6 23. Qd2 Nd4 24. Kh1 Be5 25. f3 gxf5 26. exf5 Kh8 27. Rxb6 Nxf5 0-1